Devils vs Canucks

Created - 27 janvier 2021 at 20:13

Goals
1 2 3 T
Devils 1 1 1 3
Canucks 2 0 2 4
Shots
1 2 3 T
Devils 14 5 12 31
Canucks 13 5 13 31

1st period

1. Canucks , Anthony Duclair 16 (Mitch Marner 28, Morgan Rielly 20) at 6:40 (PP)
2. Devils , Damon Severson 6 (Nicklas Backstrom 24, Mike Hoffman 11) at 14:18 (PP)
3. Canucks , Kevin Hayes 22 (Ryan O'Reilly 31) at 18:17

Penalties :
Nicklas Backstrom (NJD) for High sticking (Minor) at 1:34, Zack Smith (NJD) for Interference (Minor) at 6:04, Jake Muzzin (VAN) for Roughing (Minor) at 13:05, Zach Sanford (VAN) for Tripping (Minor) at 16:09

2nd period

4. Devils , Evgeni Malkin 11 (Cale Makar 25, Ryan Suter 32) at 19:55

Penalties :
Evgeni Malkin (NJD) for Hooking (Minor) at 0:49, Ron Hainsey (VAN) for Roughing (Minor) at 7:16, Chris Kreider (NJD) for Holding (Minor) at 7:16

3rd period

5. Canucks , Ryan O'Reilly 12 (Ryan Ellis 30, Kevin Hayes 22) at 0:33
6. Canucks , Kevin Hayes 23 (Ryan O'Reilly 32, Jake Virtanen 11) at 13:40
7. Devils , Mike Hoffman 15 (Damon Severson 12, Travis Konecny 8) at 19:31

Penalties :
No Penalty

Goalie Stats

Mike Smith (NJD), 27 saves from 31 shots - (0,871), L, 8-6-1, 59:37 minutes
Cam Talbot (VAN), 28 saves from 31 shots - (0,903), W, 7-3-0, 60:00 minutes

Players Stats for Devils

Player Name              G  A  P  +/- PIM S  H  SB GA TA FO     MP     PP MP  PK MP  
------------------------------------------------------------------------------------
Brian Boyle              0  0  0   0  0   0  0  1  0  0  6/10    8:47   0:00   2:48 
Cale Makar               0  1  1  -1  0   0  0  3  0  0  0/0    22:21   1:37   0:00 
Chris Kreider            0  0  0   0  2   1  3  0  0  0  1/1    17:12   1:22   0:36 
Damon Severson           1  1  2   1  0   4  3  2  0  0  0/0    22:57   1:35   1:56 
Evgeni Malkin            1  0  1   0  2   6  1  0  0  0  15/21  18:16   1:22   0:00 
Justin Schultz           0  0  0   0  0   0  1  1  0  0  0/0    20:06   1:35   2:38 
Mathieu Joseph           0  0  0   0  0   0  0  0  0  0  0/1     7:07   0:00   1:46 
Mike Hoffman             1  1  2   0  0   1  1  0  0  0  0/0    17:54   1:50   0:00 
Mikhail Sergachev        0  0  0   0  0   0  0  3  0  0  0/0    14:43   0:00   0:00 
Nicklas Backstrom        0  1  1   0  2   5  0  0  0  0  16/25  17:25   1:50   0:00 
Niklas Hjalmarsson       0  0  0   0  0   0  0  0  0  0  0/0    15:53   0:00   2:38 
Rocco Grimaldi           0  0  0   0  0   0  0  0  0  0  0/0     5:21   0:00   0:00 
Ryan Suter               0  1  1  -2  0   4  0  1  0  0  0/0    24:00   1:37   1:56 
Sam Reinhart             0  0  0  -1  0   4  0  0  0  0  1/1    14:14   0:00   0:00 
T.J. Oshie               0  0  0   0  0   2  0  0  0  0  0/0    17:05   1:22   0:00 
Travis Konecny           0  1  1   0  0   1  3  0  0  0  0/1    16:47   1:50   0:00 
Tyler Bozak              0  0  0  -1  0   2  0  0  0  0  11/23  16:42   0:00   1:46 
Zack Smith               0  0  0  -1  2   1  3  1  0  0  1/1    16:33   0:00   2:12 

Players Stats for Canucks

Player Name              G  A  P  +/- PIM S  H  SB GA TA FO     MP     PP MP  PK MP  
------------------------------------------------------------------------------------
Aaron Ekblad             0  0  0   0  0   2  0  0  0  0  0/0    19:50   0:00   1:12 
Anthony Duclair          1  0  1  -1  0   3  1  0  0  0  1/2    18:48   2:15   0:00 
Blake Coleman            0  0  0  -1  0   1  3  0  0  0  2/8    12:18   0:00   2:00 
Boone Jenner             0  0  0   0  0   1  1  0  0  0  6/16   12:12   2:19   1:12 
Brayden Point            0  0  0  -1  0   2  3  0  0  0  11/25  20:07   2:15   0:00 
Chris Tierney            0  0  0   0  0   0  0  0  0  0  2/5     2:00   0:00   2:00 
Jake Muzzin              0  0  0   1  2   0  4  2  0  0  0/0    15:11   0:00   0:51 
Jake Virtanen            0  1  1   3  0   3  1  0  0  0  1/2    19:01   2:19   0:00 
Kevin Hayes              2  1  3   3  0   4  1  0  0  0  0/0    20:20   2:19   0:00 
Kirby Dach               0  0  0   0  0   0  0  0  0  0  0/0     8:13   0:00   0:00 
Maxime Lajoie            0  0  0   1  0   0  0  4  0  0  0/0    14:59   0:00   0:00 
Mitch Marner             0  1  1  -1  0   6  3  0  0  0  1/1    20:15   2:15   0:00 
Morgan Rielly            0  1  1   0  0   0  1  4  0  0  0/0    20:53   2:15   0:00 
Ron Hainsey              0  0  0   0  2   0  0  1  0  0  0/0    20:08   0:00   2:00 
Ryan Ellis               0  1  1   0  0   1  0  2  0  0  0/0    24:23   2:19   2:21 
Ryan O'Reilly            1  2  3   3  0   4  0  0  0  0  8/23   20:09   2:19   0:00 
Tanner Pearson           0  0  0  -1  0   3  2  0  0  0  1/2    17:41   2:15   1:12 
Zach Sanford             0  0  0  -1  2   1  0  0  0  0  0/0     8:18   0:00   0:00 

3 Stars

1 - Kevin Hayes (VAN)
2 - Ryan O'Reilly (VAN)
3 - Damon Severson (NJD)

Power Play

Devils - 1 on 2 Attempt(s) - 50,00%
Canucks - 1 on 3 Attempt(s) - 33,33%

Penalty Kill

Devils - 2 on 3 Attempt(s) - 66,67% - Score 0 goal in Penalty Kill
Canucks - 1 on 2 Attempt(s) - 50,00% - Score 0 goal in Penalty Kill

Team Stat

Devils - Hits : 15 - Faceoff Wins : 51 - Blocked Shots : 12 - Penalty Minutes : 8
Canucks - Hits : 20 - Faceoff Wins : 33 - Blocked Shots : 13 - Penalty Minutes : 6

Official

Referees : Robert Hennessey and Kyle Rehman
Linesman : Steve Barton and Ryan Galloway

Game Notes

Mikhail Sergachev is injured at 9:39 of 3rd period (Left Foot)

Finance

Level 1 -- Attendance: 6264 (96,37%) -- Ticket Income 689 040 $
Level 2 -- Attendance: 4550 (91,00%) -- Ticket Income 341 250 $
Level 3 -- Attendance: 2956 (84,46%) -- Ticket Income 162 580 $
Level 4 -- Attendance: 2685 (92,27%) -- Ticket Income 107 400 $
Luxury Box -- Attendance: 1000 (100,00%) -- Ticket Income 199 000 $
Game was played at the Rogers Arena.
Total Attendance: 17455 (92,31%)
Total Ticket Income: 1 499 270 $
Other Income: 734 642 $
Total Income: 2 233 912 $

% Time on Ice - Devils

Lines # - Real PCT - Wanted PCT - Time Play
Normal Forward
1 - 31% - 33% - 15:15
2 - 30% - 32% - 14:57
3 - 29% - 30% - 14:14
4 - 11% - 5% - 5:21
Normal Defense
1 - 37% - 36% - 18:39
2 - 38% - 36% - 18:47
3 - 25% - 28% - 12:21
4 - 0% - 0% - 0:00
PP Forward
1 - 43% - 60% - 1:22
2 - 57% - 40% - 1:50
PP Defense
1 - 51% - 60% - 1:37
2 - 49% - 40% - 1:35
PK Forward
1 - 61% - 60% - 2:48
2 - 39% - 40% - 1:46
PK Defense
1 - 58% - 60% - 2:38
2 - 42% - 40% - 1:56
PK3 Forward
1 - 0% - 60%
2 - 0% - 40%
PK3 Defense
1 - 0% - 60%
2 - 0% - 40%
44 Forward
1 - 100% - 60% - 1:59
2 - 0% - 40% - 0:00
44 Defense
1 - 67% - 60% - 1:20
2 - 33% - 40% - 0:39
Last Minute Offensive  - 0:28
Last Minute Defensive  - 0:00
Total
Forward - 60:00
Defense - 60:00

% Time on Ice - Canucks

Lines # - Real PCT - Wanted PCT - Time Play
Normal Forward
1 - 34% - 35% - 16:42
2 - 33% - 35% - 16:33
3 - 17% - 20% - 8:19
4 - 17% - 10% - 8:13
Normal Defense
1 - 36% - 40% - 17:58
2 - 36% - 40% - 18:09
3 - 27% - 20% - 13:40
4 - 0% - 0% - 0:00
PP Forward
1 - 49% - 50% - 2:15
2 - 51% - 50% - 2:19
PP Defense
1 - 51% - 50% - 2:19
2 - 49% - 50% - 2:15
PK Forward
1 - 38% - 50% - 1:12
2 - 63% - 50% - 2:00
PK Defense
1 - 63% - 50% - 2:00
2 - 38% - 50% - 1:12
PK3 Forward
1 - 0% - 60%
2 - 0% - 40%
PK3 Defense
1 - 0% - 60%
2 - 0% - 40%
44 Forward
1 - 66% - 50% - 1:19
2 - 34% - 50% - 0:40
44 Defense
1 - 66% - 50% - 1:19
2 - 34% - 50% - 0:40
Last Minute Offensive  - 0:00
Last Minute Defensive  - 0:28
Total
Forward - 60:00
Defense - 60:00

Play-by-Play

1st period


0:01 of 1st period - Evgeni Malkin wins face-off versus Ryan O'Reilly in neutral zone.
0:28 of 1st period - Icing by Cale Makar.
0:29 of 1st period - Evgeni Malkin wins face-off versus Anthony Duclair in Devils zone.
0:29 of 1st period - Evgeni Malkin is hit by Mitch Marner.
1:34 of 1st period - Minor Penalty to Nicklas Backstrom for High sticking.
1:35 of 1st period - Brian Boyle wins face-off versus Boone Jenner in Devils zone.
1:59 of 1st period - Shot by Boone Jenner.
1:59 of 1st period - Shot Blocked by Justin Schultz.
2:01 of 1st period - Shot by Kevin Hayes.
2:01 of 1st period - Shot Blocked by Brian Boyle.
2:14 of 1st period - Shot by Ryan O'Reilly.
2:14 of 1st period - Shot Misses the Net.
2:16 of 1st period - Shot by Boone Jenner.
2:16 of 1st period - Stopped by Mike Smith with a rebound.
2:38 of 1st period - Shot by Mitch Marner.
2:38 of 1st period - Deflect By Tanner Pearson.
2:38 of 1st period - Shot Misses the Net.
2:48 of 1st period - Shot by Mitch Marner.
2:48 of 1st period - Stopped by Mike Smith without a rebound.
2:49 of 1st period - Boone Jenner wins face-off versus Tyler Bozak in Devils zone.
2:50 of 1st period - Shot by Ryan Ellis.
2:50 of 1st period - Stopped by Mike Smith without a rebound.
2:51 of 1st period - Jake Virtanen wins face-off versus Mathieu Joseph in Devils zone.
2:54 of 1st period - Shot by Ryan O'Reilly.
2:54 of 1st period - Shot Misses the Net.
3:14 of 1st period - Shot by Ryan O'Reilly.
3:14 of 1st period - Shot Blocked by Zack Smith.
3:57 of 1st period - Shot by Mike Hoffman.
3:57 of 1st period - Shot Blocked by Jake Muzzin.
3:59 of 1st period - Shot by Ryan Suter.
3:59 of 1st period - Stopped by Cam Talbot with a rebound.
4:01 of 1st period - Shot by Nicklas Backstrom.
4:01 of 1st period - Stopped by Cam Talbot without a rebound.
4:02 of 1st period - Evgeni Malkin wins face-off versus Brayden Point in Canucks zone.
4:29 of 1st period - Shot by Mitch Marner.
4:29 of 1st period - Stopped by Mike Smith without a rebound.
4:30 of 1st period - Tyler Bozak wins face-off versus Blake Coleman in Devils zone.
4:43 of 1st period - Shot by Sam Reinhart.
4:43 of 1st period - Shot Misses the Net.
5:09 of 1st period - Shot by Tanner Pearson.
5:09 of 1st period - Stopped by Mike Smith without a rebound.
5:10 of 1st period - Ryan O'Reilly wins face-off versus Nicklas Backstrom in Devils zone.
5:11 of 1st period - Shot by Kevin Hayes.
5:11 of 1st period - Shot Blocked by Mikhail Sergachev.
5:14 of 1st period - Icing by Mikhail Sergachev.
5:15 of 1st period - Ryan O'Reilly wins face-off versus Nicklas Backstrom in Devils zone.
5:26 of 1st period - Shot by Kevin Hayes.
5:26 of 1st period - Shot Misses the Net.
5:38 of 1st period - Shot by Travis Konecny.
5:38 of 1st period - Shot Blocked by Ron Hainsey.
5:46 of 1st period - Shot by Nicklas Backstrom.
5:46 of 1st period - Shot Hit the Post.
5:52 of 1st period - Shot by Travis Konecny.
5:52 of 1st period - Shot Misses the Net.
5:54 of 1st period - Shot by Damon Severson.
5:54 of 1st period - Stopped by Cam Talbot without a rebound.
5:55 of 1st period - Brayden Point wins face-off versus Tyler Bozak in Canucks zone.
6:04 of 1st period - Minor Penalty to Zack Smith for Interference.
6:05 of 1st period - Anthony Duclair wins face-off versus Brian Boyle in Devils zone.
6:36 of 1st period - Shot by Mitch Marner.
6:36 of 1st period - Stopped by Mike Smith with a rebound.
6:38 of 1st period - Shot by Mitch Marner.
6:38 of 1st period - Shot Misses the Net.
6:40 of 1st period - Shot by Anthony Duclair.
6:40 of 1st period - Goal by Anthony Duclair - Devils : 0 - Canucks : 1.
6:41 of 1st period - Tyler Bozak wins face-off versus Ryan O'Reilly in neutral zone.
6:58 of 1st period - Shot by Kevin Hayes.
6:58 of 1st period - Stopped by Mike Smith without a rebound.
6:59 of 1st period - Boone Jenner wins face-off versus Nicklas Backstrom in Devils zone.
7:01 of 1st period - Kirby Dach is hit by Justin Schultz and loses puck.
7:26 of 1st period - Nicklas Backstrom is hit by Jake Muzzin and loses puck.
7:34 of 1st period - Nicklas Backstrom is hit by Jake Muzzin and loses puck.
8:05 of 1st period - Shot by Ryan O'Reilly.
8:05 of 1st period - Shot Misses the Net.
8:07 of 1st period - Shot by Aaron Ekblad.
8:07 of 1st period - Stopped by Mike Smith without a rebound.
8:08 of 1st period - Evgeni Malkin wins face-off versus Brayden Point in Devils zone.
8:19 of 1st period - Shot by Anthony Duclair.
8:19 of 1st period - Shot Misses the Net.
8:25 of 1st period - Shot by Anthony Duclair.
8:25 of 1st period - Stopped by Mike Smith with a rebound.
8:41 of 1st period - Shot by T.J. Oshie.
8:41 of 1st period - Shot Blocked by Morgan Rielly.
9:18 of 1st period - Icing by Cale Makar.
9:19 of 1st period - Blake Coleman wins face-off versus Tyler Bozak in Devils zone.
9:22 of 1st period - Shot by Zach Sanford.
9:22 of 1st period - Stopped by Mike Smith with a rebound.
9:48 of 1st period - Cale Makar is hit by Blake Coleman and loses puck.
9:54 of 1st period - Ryan Suter is hit by Jake Muzzin and loses puck.
10:23 of 1st period - Shot by Ryan O'Reilly.
10:23 of 1st period - Shot Misses the Net.
11:11 of 1st period - Shot by T.J. Oshie.
11:11 of 1st period - Stopped by Cam Talbot without a rebound.
11:12 of 1st period - Brayden Point wins face-off versus Nicklas Backstrom in Canucks zone.
11:51 of 1st period - Icing by Damon Severson.
11:52 of 1st period - Nicklas Backstrom wins face-off versus Boone Jenner in Devils zone.
12:08 of 1st period - Icing by Maxime Lajoie.
12:09 of 1st period - Evgeni Malkin wins face-off versus Boone Jenner in Canucks zone.
12:16 of 1st period - Shot by T.J. Oshie.
12:16 of 1st period - Shot Blocked by Maxime Lajoie.
12:18 of 1st period - Shot by T.J. Oshie.
12:18 of 1st period - Shot Misses the Net.
12:20 of 1st period - Shot by Ryan Suter.
12:20 of 1st period - Shot Blocked by Maxime Lajoie.
12:22 of 1st period - Shot by Ryan Suter.
12:22 of 1st period - Stopped by Cam Talbot with a rebound.
13:05 of 1st period - Minor Penalty to Jake Muzzin for Roughing.
13:06 of 1st period - Nicklas Backstrom wins face-off versus Chris Tierney in Canucks zone.
13:17 of 1st period - Shot by Justin Schultz.
13:17 of 1st period - Shot Misses the Net.
13:27 of 1st period - Shot by Nicklas Backstrom.
13:27 of 1st period - Stopped by Cam Talbot without a rebound.
13:28 of 1st period - Evgeni Malkin wins face-off versus Chris Tierney in Canucks zone.
13:29 of 1st period - Shot by Ryan Suter.
13:29 of 1st period - Stopped by Cam Talbot without a rebound.
13:30 of 1st period - Chris Tierney wins face-off versus Evgeni Malkin in Canucks zone.
13:47 of 1st period - Shot by Cale Makar.
13:47 of 1st period - Shot Misses the Net.
13:57 of 1st period - Shot by Evgeni Malkin.
13:57 of 1st period - Stopped by Cam Talbot without a rebound.
13:58 of 1st period - Boone Jenner wins face-off versus Nicklas Backstrom in Canucks zone.
14:10 of 1st period - Icing by Nicklas Backstrom.
14:11 of 1st period - Nicklas Backstrom wins face-off versus Tanner Pearson in Devils zone.
14:16 of 1st period - Shot by Nicklas Backstrom.
14:16 of 1st period - Shot Misses the Net.
14:18 of 1st period - Shot by Damon Severson.
14:18 of 1st period - Goal by Damon Severson - Devils : 1 - Canucks : 1.
14:19 of 1st period - Brayden Point wins face-off versus Tyler Bozak in neutral zone.
14:42 of 1st period - Zack Smith is hit by Brayden Point and loses puck.
15:23 of 1st period - Shot by Evgeni Malkin.
15:23 of 1st period - Stopped by Cam Talbot with a rebound.
15:31 of 1st period - Shot by Jake Virtanen.
15:31 of 1st period - Shot Misses the Net.
16:09 of 1st period - Minor Penalty to Zach Sanford for Tripping.
16:10 of 1st period - Nicklas Backstrom wins face-off versus Boone Jenner in Canucks zone.
16:10 of 1st period - Nicklas Backstrom is hit by Jake Muzzin.
16:24 of 1st period - Shot by Nicklas Backstrom.
16:24 of 1st period - Deflect By Mike Hoffman.
16:24 of 1st period - Shot Blocked by Jake Muzzin.
16:26 of 1st period - Shot by Ryan Suter.
16:26 of 1st period - Deflect By Nicklas Backstrom.
16:26 of 1st period - Stopped by Cam Talbot with a rebound.
16:28 of 1st period - Shot by Cale Makar.
16:28 of 1st period - Shot Misses the Net.
16:30 of 1st period - Shot by Ryan Suter.
16:30 of 1st period - Stopped by Cam Talbot without a rebound.
16:31 of 1st period - Nicklas Backstrom wins face-off versus Chris Tierney in Canucks zone.
16:46 of 1st period - Shot by Cale Makar.
16:46 of 1st period - Shot Blocked by Ryan Ellis.
16:53 of 1st period - Icing by Ryan Suter.
16:54 of 1st period - Tanner Pearson wins face-off versus Nicklas Backstrom in Devils zone.
16:57 of 1st period - Shot by Boone Jenner.
16:57 of 1st period - Shot Misses the Net.
17:29 of 1st period - Shot by Evgeni Malkin.
17:29 of 1st period - Stopped by Cam Talbot without a rebound.
17:30 of 1st period - Chris Tierney wins face-off versus Evgeni Malkin in Canucks zone.
18:15 of 1st period - Icing by Ryan Suter.
18:16 of 1st period - Ryan O'Reilly wins face-off versus Tyler Bozak in Devils zone.
18:17 of 1st period - Shot by Kevin Hayes.
18:17 of 1st period - Goal by Kevin Hayes - Devils : 1 - Canucks : 2.
18:18 of 1st period - Nicklas Backstrom wins face-off versus Ryan O'Reilly in neutral zone.
18:44 of 1st period - Shot by Ryan O'Reilly.
18:44 of 1st period - Shot Misses the Net.
18:46 of 1st period - Shot by Kevin Hayes.
18:46 of 1st period - Shot Misses the Net.
18:56 of 1st period - Shot by Kevin Hayes.
18:56 of 1st period - Stopped by Mike Smith without a rebound.
18:57 of 1st period - Brayden Point wins face-off versus Tyler Bozak in Devils zone.
19:22 of 1st period - Icing by Ryan Ellis.
19:23 of 1st period - Brayden Point wins face-off versus Evgeni Malkin in Canucks zone.
19:23 of 1st period - Brayden Point is hit by Chris Kreider.
19:35 of 1st period - Shot by Mitch Marner.
19:35 of 1st period - Shot Blocked by Damon Severson.
19:42 of 1st period - Icing by Damon Severson.
19:43 of 1st period - Evgeni Malkin wins face-off versus Ryan O'Reilly in Devils zone.
19:43 of 1st period - Evgeni Malkin is hit by Kevin Hayes.
19:58 of 1st period - Shot by Evgeni Malkin.
19:58 of 1st period - Stopped by Cam Talbot without a rebound.
19:59 of 1st period - Tyler Bozak wins face-off versus Blake Coleman in Canucks zone.
Goals for this period are 1 for Devils vs 2 for Canucks.
Shots for this period are 14 for Devils vs 13 for Canucks.

2nd period


0:01 of 2nd period - Brayden Point wins face-off versus Tyler Bozak in neutral zone.
0:04 of 2nd period - Shot by Brayden Point.
0:04 of 2nd period - Shot Misses the Net.
0:18 of 2nd period - Ron Hainsey is hit by Zack Smith and loses puck.
0:25 of 2nd period - Shot by Cale Makar.
0:25 of 2nd period - Shot Misses the Net.
0:27 of 2nd period - Shot by Tyler Bozak.
0:27 of 2nd period - Deflect By Sam Reinhart.
0:27 of 2nd period - Stopped by Cam Talbot without a rebound.
0:28 of 2nd period - Nicklas Backstrom wins face-off versus Ryan O'Reilly in Canucks zone.
0:36 of 2nd period - Icing by Ryan Ellis.
0:37 of 2nd period - Chris Kreider wins face-off versus Ryan O'Reilly in Canucks zone.
0:49 of 2nd period - Minor Penalty to Evgeni Malkin for Hooking.
0:50 of 2nd period - Brian Boyle wins face-off versus Brayden Point in Devils zone.
1:19 of 2nd period - Shot by Brayden Point.
1:19 of 2nd period - Stopped by Mike Smith without a rebound.
1:20 of 2nd period - Brian Boyle wins face-off versus Jake Virtanen in Devils zone.
1:31 of 2nd period - Shot by Ryan O'Reilly.
1:31 of 2nd period - Stopped by Mike Smith with a rebound.
1:54 of 2nd period - Ryan Ellis is hit by Damon Severson and loses puck.
2:21 of 2nd period - Icing by Tanner Pearson.
2:22 of 2nd period - Brayden Point wins face-off versus Tyler Bozak in Canucks zone.
2:41 of 2nd period - Shot by Anthony Duclair.
2:41 of 2nd period - Deflect By Brayden Point.
2:41 of 2nd period - Shot Misses the Net.
2:45 of 2nd period - Shot by Mitch Marner.
2:45 of 2nd period - Stopped by Mike Smith with a rebound.
3:57 of 2nd period - Shot by Evgeni Malkin.
3:57 of 2nd period - Shot Blocked by Maxime Lajoie.
4:08 of 2nd period - Icing by Evgeni Malkin.
4:09 of 2nd period - Ryan O'Reilly wins face-off versus Evgeni Malkin in Devils zone.
5:56 of 2nd period - Icing by Morgan Rielly.
5:57 of 2nd period - Boone Jenner wins face-off versus Nicklas Backstrom in Canucks zone.
5:57 of 2nd period - Boone Jenner is hit by Mike Hoffman.
6:29 of 2nd period - Shot by Ryan Suter.
6:29 of 2nd period - Shot Blocked by Morgan Rielly.
6:31 of 2nd period - Shot by Cale Makar.
6:31 of 2nd period - Shot Misses the Net.
6:55 of 2nd period - Shot by T.J. Oshie.
6:55 of 2nd period - Deflect By Evgeni Malkin.
6:55 of 2nd period - Shot Blocked by Morgan Rielly.
7:16 of 2nd period - Minor Penalty to Ron Hainsey for Roughing.
7:16 of 2nd period - Minor Penalty to Chris Kreider for Holding.
7:17 of 2nd period - Evgeni Malkin wins face-off versus Brayden Point in Canucks zone.
8:10 of 2nd period - Damon Severson is hit by Mitch Marner and loses puck.
8:41 of 2nd period - Shot by Tyler Bozak.
8:41 of 2nd period - Deflect By Zack Smith.
8:41 of 2nd period - Stopped by Cam Talbot without a rebound.
8:42 of 2nd period - Brayden Point wins face-off versus Evgeni Malkin in Canucks zone.
9:17 of 2nd period - Icing by Cale Makar.
9:18 of 2nd period - Boone Jenner wins face-off versus Brian Boyle in Devils zone.
9:21 of 2nd period - Shot by Tanner Pearson.
9:21 of 2nd period - Stopped by Mike Smith without a rebound.
9:22 of 2nd period - Nicklas Backstrom wins face-off versus Boone Jenner in Devils zone.
9:22 of 2nd period - Travis Konecny is hit by Tanner Pearson and loses puck.
9:36 of 2nd period - Damon Severson is hit by Boone Jenner and loses puck.
9:50 of 2nd period - Shot by Boone Jenner.
9:50 of 2nd period - Shot Blocked by Damon Severson.
10:36 of 2nd period - Icing by Aaron Ekblad.
10:37 of 2nd period - Brian Boyle wins face-off versus Brayden Point in Canucks zone.
10:40 of 2nd period - Shot by Cale Makar.
10:40 of 2nd period - Shot Misses the Net.
10:42 of 2nd period - Shot by Cale Makar.
10:42 of 2nd period - Shot Misses the Net.
10:48 of 2nd period - Shot by Rocco Grimaldi.
10:48 of 2nd period - Shot Blocked by Ryan Ellis.
11:28 of 2nd period - Shot by Ryan O'Reilly.
11:28 of 2nd period - Shot Misses the Net.
11:40 of 2nd period - Shot by Kevin Hayes.
11:40 of 2nd period - Shot Blocked by Ryan Suter.
12:32 of 2nd period - Shot by T.J. Oshie.
12:32 of 2nd period - Shot Misses the Net.
12:46 of 2nd period - Shot by Tanner Pearson.
12:46 of 2nd period - Shot Blocked by Mikhail Sergachev.
12:48 of 2nd period - Shot by Blake Coleman.
12:48 of 2nd period - Shot Misses the Net.
13:51 of 2nd period - Ryan O'Reilly is hit by Travis Konecny and loses puck.
14:17 of 2nd period - Shot by Sam Reinhart.
14:17 of 2nd period - Stopped by Cam Talbot with a rebound.
14:19 of 2nd period - Shot by Zack Smith.
14:19 of 2nd period - Shot Misses the Net.
14:59 of 2nd period - Shot by Chris Kreider.
14:59 of 2nd period - Stopped by Cam Talbot without a rebound.
15:00 of 2nd period - Nicklas Backstrom wins face-off versus Blake Coleman in Canucks zone.
16:02 of 2nd period - Icing by Niklas Hjalmarsson.
16:03 of 2nd period - Nicklas Backstrom wins face-off versus Brayden Point in Devils zone.
16:03 of 2nd period - Nicklas Backstrom is hit by Mitch Marner.
16:06 of 2nd period - Mike Hoffman is hit by Brayden Point and loses puck.
16:23 of 2nd period - Shot by Mitch Marner.
16:23 of 2nd period - Stopped by Mike Smith without a rebound.
16:24 of 2nd period - Tyler Bozak wins face-off versus Brayden Point in Devils zone.
17:06 of 2nd period - Ron Hainsey is hit by Zack Smith and loses puck.
17:52 of 2nd period - Icing by Maxime Lajoie.
17:53 of 2nd period - Ryan O'Reilly wins face-off versus Brian Boyle in Canucks zone.
18:19 of 2nd period - Shot by Ryan O'Reilly.
18:19 of 2nd period - Deflect By Kevin Hayes.
18:19 of 2nd period - Shot Misses the Net.
18:24 of 2nd period - Icing by Rocco Grimaldi.
18:25 of 2nd period - Brian Boyle wins face-off versus Brayden Point in Devils zone.
18:25 of 2nd period - Brian Boyle is hit by Brayden Point.
19:36 of 2nd period - Shot by Evgeni Malkin.
19:36 of 2nd period - Shot Misses the Net.
19:44 of 2nd period - Icing by Ryan Suter.
19:45 of 2nd period - Evgeni Malkin wins face-off versus Blake Coleman in Devils zone.
19:45 of 2nd period - Evgeni Malkin is hit by Blake Coleman.
19:55 of 2nd period - Shot by Evgeni Malkin.
19:55 of 2nd period - Goal by Evgeni Malkin - Devils : 2 - Canucks : 2.
19:56 of 2nd period - Tyler Bozak wins face-off versus Ryan O'Reilly in neutral zone.
Goals for this period are 1 for Devils vs 0 for Canucks.
Shots for this period are 5 for Devils vs 5 for Canucks.

3rd period


0:01 of 3rd period - Tyler Bozak wins face-off versus Ryan O'Reilly in neutral zone.
0:13 of 3rd period - Icing by Cale Makar.
0:14 of 3rd period - Brayden Point wins face-off versus Tyler Bozak in Devils zone.
0:17 of 3rd period - Shot by Anthony Duclair.
0:17 of 3rd period - Stopped by Mike Smith without a rebound.
0:18 of 3rd period - Nicklas Backstrom wins face-off versus Ryan O'Reilly in Devils zone.
0:31 of 3rd period - Shot by Kevin Hayes.
0:31 of 3rd period - Shot Blocked by Cale Makar.
0:33 of 3rd period - Shot by Ryan Ellis.
0:33 of 3rd period - Deflect By Ryan O'Reilly.
0:33 of 3rd period - Goal by Ryan O'Reilly - Devils : 2 - Canucks : 3.
0:34 of 3rd period - Sam Reinhart wins face-off versus Brayden Point in neutral zone.
0:43 of 3rd period - Shot by Tyler Bozak.
0:43 of 3rd period - Shot Misses the Net.
0:45 of 3rd period - Shot by Tyler Bozak.
0:45 of 3rd period - Stopped by Cam Talbot without a rebound.
0:46 of 3rd period - Ryan O'Reilly wins face-off versus Evgeni Malkin in Canucks zone.
0:53 of 3rd period - Ryan Ellis is hit by Evgeni Malkin and loses puck.
2:07 of 3rd period - Off-side.
2:08 of 3rd period - Nicklas Backstrom wins face-off versus Blake Coleman in neutral zone.
2:08 of 3rd period - Nicklas Backstrom is hit by Blake Coleman.
2:30 of 3rd period - Shot by Tanner Pearson.
2:30 of 3rd period - Stopped by Mike Smith without a rebound.
2:31 of 3rd period - Brian Boyle wins face-off versus Brayden Point in Devils zone.
2:48 of 3rd period - Shot by Brian Boyle.
2:48 of 3rd period - Shot Misses the Net.
4:41 of 3rd period - Shot by Sam Reinhart.
4:41 of 3rd period - Stopped by Cam Talbot without a rebound.
4:42 of 3rd period - Evgeni Malkin wins face-off versus Ryan O'Reilly in Canucks zone.
5:01 of 3rd period - Shot by Ryan O'Reilly.
5:01 of 3rd period - Shot Misses the Net.
5:15 of 3rd period - Off-side.
5:16 of 3rd period - Boone Jenner wins face-off versus Tyler Bozak in neutral zone.
5:33 of 3rd period - Shot by Tyler Bozak.
5:33 of 3rd period - Deflect By Sam Reinhart.
5:33 of 3rd period - Stopped by Cam Talbot without a rebound.
5:34 of 3rd period - Mitch Marner wins face-off versus Nicklas Backstrom in Canucks zone.
5:49 of 3rd period - Shot by Anthony Duclair.
5:49 of 3rd period - Shot Misses the Net.
5:55 of 3rd period - Shot by Nicklas Backstrom.
5:55 of 3rd period - Stopped by Cam Talbot with a rebound.
5:57 of 3rd period - Shot by Nicklas Backstrom.
5:57 of 3rd period - Stopped by Cam Talbot with a rebound.
6:11 of 3rd period - Shot by Nicklas Backstrom.
6:11 of 3rd period - Shot Misses the Net.
6:59 of 3rd period - Shot by Blake Coleman.
6:59 of 3rd period - Stopped by Mike Smith without a rebound.
7:00 of 3rd period - Tyler Bozak wins face-off versus Ryan O'Reilly in Devils zone.
7:07 of 3rd period - Shot by Ryan O'Reilly.
7:07 of 3rd period - Stopped by Mike Smith without a rebound.
7:08 of 3rd period - Tyler Bozak wins face-off versus Ryan O'Reilly in Devils zone.
8:24 of 3rd period - Off-side.
8:25 of 3rd period - Evgeni Malkin wins face-off versus Brayden Point in neutral zone.
8:28 of 3rd period - Ryan Ellis is hit by Chris Kreider and loses puck.
8:49 of 3rd period - Chris Kreider is hit by Anthony Duclair and loses puck.
9:39 of 3rd period - Shot by Blake Coleman.
9:39 of 3rd period - Shot Blocked by Mikhail Sergachev.
9:39 of 3rd period - Mikhail Sergachev from Devils is injured at 9:39 of 3rd period (Left Foot).
9:40 of 3rd period - Zack Smith wins face-off versus Boone Jenner in Devils zone.
9:40 of 3rd period - Zack Smith is hit by Tanner Pearson.
9:45 of 3rd period - Off-side.
9:46 of 3rd period - Tyler Bozak wins face-off versus Boone Jenner in neutral zone.
9:56 of 3rd period - Icing by Ron Hainsey.
9:57 of 3rd period - Nicklas Backstrom wins face-off versus Boone Jenner in Canucks zone.
10:10 of 3rd period - Shot by Travis Konecny.
10:10 of 3rd period - Stopped by Cam Talbot without a rebound.
10:11 of 3rd period - Brayden Point wins face-off versus Tyler Bozak in Canucks zone.
10:35 of 3rd period - Anthony Duclair is hit by Zack Smith and loses puck.
10:53 of 3rd period - Icing by Aaron Ekblad.
10:54 of 3rd period - Nicklas Backstrom wins face-off versus Brayden Point in Canucks zone.
11:17 of 3rd period - Shot by Jake Virtanen.
11:17 of 3rd period - Stopped by Mike Smith with a rebound.
11:19 of 3rd period - Shot by Jake Virtanen.
11:19 of 3rd period - Stopped by Mike Smith with a rebound.
11:45 of 3rd period - Shot by Jake Virtanen.
11:45 of 3rd period - Stopped by Mike Smith without a rebound.
11:46 of 3rd period - Evgeni Malkin wins face-off versus Blake Coleman in Devils zone.
11:55 of 3rd period - Shot by T.J. Oshie.
11:55 of 3rd period - Stopped by Cam Talbot without a rebound.
11:56 of 3rd period - Tyler Bozak wins face-off versus Boone Jenner in Canucks zone.
12:27 of 3rd period - Shot by Damon Severson.
12:27 of 3rd period - Shot Blocked by Maxime Lajoie.
12:32 of 3rd period - Boone Jenner is hit by Damon Severson and loses puck.
12:48 of 3rd period - Icing by Tanner Pearson.
12:49 of 3rd period - Evgeni Malkin wins face-off versus Boone Jenner in Canucks zone.
13:40 of 3rd period - Shot by Kevin Hayes.
13:40 of 3rd period - Goal by Kevin Hayes - Devils : 2 - Canucks : 4.
13:41 of 3rd period - Nicklas Backstrom wins face-off versus Brayden Point in neutral zone.
13:50 of 3rd period - Shot by Mitch Marner.
13:50 of 3rd period - Shot Misses the Net.
13:52 of 3rd period - Shot by Mitch Marner.
13:52 of 3rd period - Stopped by Mike Smith with a rebound.
13:56 of 3rd period - Shot by Brayden Point.
13:56 of 3rd period - Stopped by Mike Smith without a rebound.
13:57 of 3rd period - Tyler Bozak wins face-off versus Ryan O'Reilly in Devils zone.
13:57 of 3rd period - Tyler Bozak is hit by Jake Virtanen.
14:15 of 3rd period - Shot by Tyler Bozak.
14:15 of 3rd period - Stopped by Cam Talbot without a rebound.
14:16 of 3rd period - Brayden Point wins face-off versus Travis Konecny in Canucks zone.
14:16 of 3rd period - Brayden Point is hit by Travis Konecny.
14:28 of 3rd period - Anthony Duclair is hit by Travis Konecny and loses puck.
15:08 of 3rd period - Icing by Ryan Suter.
15:09 of 3rd period - Evgeni Malkin wins face-off versus Ryan O'Reilly in Devils zone.
15:14 of 3rd period - Morgan Rielly is hit by Chris Kreider and loses puck.
15:44 of 3rd period - Shot by Ryan O'Reilly.
15:44 of 3rd period - Stopped by Mike Smith without a rebound.
15:45 of 3rd period - Blake Coleman wins face-off versus Tyler Bozak in Devils zone.
16:41 of 3rd period - Brayden Point is hit by Damon Severson.
16:49 of 3rd period - Shot by Mitch Marner.
16:49 of 3rd period - Deflect By Anthony Duclair.
16:49 of 3rd period - Shot Misses the Net.
16:51 of 3rd period - Shot by Aaron Ekblad.
16:51 of 3rd period - Stopped by Mike Smith without a rebound.
16:52 of 3rd period - Ryan O'Reilly wins face-off versus Nicklas Backstrom in Devils zone.
17:15 of 3rd period - Shot by Jake Virtanen.
17:15 of 3rd period - Shot Blocked by Cale Makar.
17:23 of 3rd period - Shot by Kevin Hayes.
17:23 of 3rd period - Shot Blocked by Cale Makar.
17:58 of 3rd period - Chris Kreider is hit by Morgan Rielly and loses puck.
18:18 of 3rd period - Icing by Morgan Rielly.
18:19 of 3rd period - Ryan O'Reilly wins face-off versus Brian Boyle in Canucks zone.
19:17 of 3rd period - Icing by Brayden Point.
19:18 of 3rd period - Nicklas Backstrom wins face-off versus Brayden Point in Canucks zone.
19:27 of 3rd period - Shot by Damon Severson.
19:27 of 3rd period - Stopped by Cam Talbot with a rebound.
19:29 of 3rd period - Shot by Damon Severson.
19:29 of 3rd period - Stopped by Cam Talbot with a rebound.
19:31 of 3rd period - Shot by Mike Hoffman.
19:31 of 3rd period - Goal by Mike Hoffman - Devils : 3 - Canucks : 4.
19:32 of 3rd period - Evgeni Malkin wins face-off versus Ryan O'Reilly in neutral zone.
19:37 of 3rd period - Devils, Mike Smith is pulled from the net.
19:47 of 3rd period - Shot by Evgeni Malkin.
19:47 of 3rd period - Stopped by Cam Talbot with a rebound.
19:49 of 3rd period - Shot by T.J. Oshie.
19:49 of 3rd period - Shot Blocked by Morgan Rielly.
Goals for this period are 1 for Devils vs 2 for Canucks.
Shots for this period are 12 for Devils vs 13 for Canucks.